Map: Tours du crépuscule

Players

NukeLar

  • Race: Protoss Protoss
  • League: Diamond

Worming - Winner!

  • Race: Zerg Zerg
  • League: Diamond

VOD

Have the link to the VOD?

Description

Time

  • Played on: Nov. 23, 2015, 2:01 p.m.
  • Length: 15:18
Show
View Real Time Build Order
Export as new Build Order

NukeLar Protoss 

Build Orders:  

Get SALT Encoding   

  12  0:01  Probe (Chrono Boost)  
  13  0:12  Probe (Chrono Boost)  
  14  0:22  Probe (Chrono Boost), Pylon  
  15  0:40  Gateway  
  15  0:41  Probe (Chrono Boost)  
  16  0:48  Assimilator  
  16  0:51  Probe (Chrono Boost)  
  17  1:02  Probe (Chrono Boost)  
  18  1:12  Probe (Chrono Boost)  
  19  1:23  Probe (Chrono Boost)  
  20  1:30  Cybernetics Core  
  20  1:33  Probe (Chrono Boost)  
  21  1:46  Nexus  
  21  1:51  Probe (Chrono Boost)  
  22  1:58  Pylon  
  22  2:01  Probe (Chrono Boost)  
  22  2:05  Assimilator  
  23  2:16  Probe (Chrono Boost)  
  23  2:18  Warp Gate  
  24  2:27  Mothership Core (Chrono Boost)  
  25  2:39  Robotics Facility  
  25  2:41  Gateway  
  25  2:44  Pylon  
  25  2:50  Probe (Chrono Boost)  
  26  2:53  Adept (Chrono Boost)  
  28  2:59  Probe  
  28  3:01  Probe  
  30  3:09  Probe  
  31  3:13  Probe (Chrono Boost)  
  32  3:21  Probe (Chrono Boost)  
  32  3:25  Probe (Chrono Boost)  
  34  3:32  Probe (Chrono Boost)  
  34  3:33  Observer, Twilight Council  
  36  3:36  Probe (Chrono Boost)  
  36  3:40  Assimilator  
  37  3:43  Probe (Chrono Boost)  
  37  3:47  Probe (Chrono Boost)  
  39  3:52  Stalker x2  
  39  3:53  Probe (Chrono Boost)  
  44  3:57  Probe (Chrono Boost)  
  45  4:05  Probe (Chrono Boost)  
  45  4:08  Probe (Chrono Boost)  
  47  4:12  Dark Shrine  
  47  4:14  Pylon  
  47  4:15  Probe (Chrono Boost)  
  48  4:18  Probe (Chrono Boost), Assimilator  
  48  4:20  Pylon  
  49  4:26  Probe (Chrono Boost)  
  49  4:27  Blink  
  49  4:29  Probe (Chrono Boost)  
  51  4:37  Probe (Chrono Boost)  
  52  4:39  Probe (Chrono Boost)  
  52  4:40  Pylon  
  52  4:44  Gateway x2  
  53  4:47  Probe (Chrono Boost)  
  53  4:50  Probe (Chrono Boost)  
  55  4:58  Probe (Chrono Boost)  
  56  5:00  Probe (Chrono Boost)  
  57  5:08  Probe (Chrono Boost)  
  57  5:09  Immortal  
  57  5:11  Probe (Chrono Boost)  
  63  5:19  Probe (Chrono Boost)  
  64  5:22  Probe (Chrono Boost)  
  65  5:30  Nexus  
  65  5:48  Immortal (Chrono Boost)  
  69  6:04  Pylon  
  69  6:05  Pylon  
  69  6:06  Nexus  
  69  6:10  Assimilator  
  69  6:13  Stalker x2  
  69  6:14  Assimilator, Stalker  
  69  6:16  Pylon  
  69  6:17  Probe x2 (Chrono Boost)  
  77  6:22  Pylon x2  
  77  6:27  Observer (Chrono Boost)  
  77  6:28  Probe  
  79  6:38  Probe  
  80  6:40  Probe  
  80  6:42  Gateway  
  80  6:43  Gateway  
  80  6:45  Gateway, Sentry x2, Warp Prism (Chrono Boost)  
  87  6:53  Stalker x2  
  91  7:08  Gateway  
  91  7:10  Gateway  
  91  7:13  Gateway  
  91  7:16  Pylon  
  91  7:17  Pylon  
  89  7:53  Stalker x3  
  89  7:54  Stalker x3  
  99  8:00  Forge  
  99  8:02  Forge  
  92  8:10  Zealot  
  90  8:40  Stalker x6  
  90  8:41  Stalker x4  
  110  8:58  Nexus  
  110  9:02  Immortal (Chrono Boost)  
  114  9:06  Stalker  
  114  9:07  Stalker x6  
  128  9:14  Dark Templar  
  128  9:17  Dark Templar  
  132  9:18  Pylon x2  
  132  9:37  Immortal (Chrono Boost)  
  118  9:56  Dark Templar x3  
  118  9:57  Dark Templar  
  118  9:58  Archon  
  118  9:59  Stalker x4  
  134  10:00  Archon  
  134  10:01  Archon  
  134  10:04  Dark Templar x2  
  138  10:08  Archon  
  138  10:10  Probe  
  138  10:11  Probe  
  138  10:12  Probe  
  127  10:36  Stalker x6  
  127  10:37  Stalker  
  103  11:09  Dark Templar x5  
  107  11:12  Stalker  
  107  11:22  Archon x2  
  107  11:24  Stalker x3  
  111  11:25  Zealot  
  113  11:36  Nexus  
  85  11:49  Dark Templar x2  
  89  11:57  Archon  
  89  12:03  Immortal (Chrono Boost)  
  89  12:08  Adept x3  
  88  12:20  Adept  
  88  12:21  Adept x5  
  88  12:22  Adept  
  102  12:31  Probe  
  107  12:37  Immortal (Chrono Boost)  
  107  12:43  Nexus  
  107  12:45  Mothership Core  
  107  12:47  Assimilator  
  109  12:52  Dark Templar, Assimilator  
  109  12:53  Dark Templar  
  109  12:57  Archon  
  109  12:58  Dark Templar  
  115  13:03  Archon  
  115  13:05  Protoss Ground Weapons Level 1  
  115  13:12  Stalker x2  
  119  13:13  Zealot  
  119  13:14  Zealot x3  
  127  13:25  Zealot  
  127  13:26  Zealot x2  
  127  13:57  Zealot x5  
  127  13:58  Zealot x5  
  127  14:00  Immortal (Chrono Boost)  
  151  14:15  Nexus  
  151  14:26  Pylon  
  151  14:28  Pylon  
  145  14:43  Dark Templar x3  
  145  14:44  Dark Templar x2  
  151  14:49  Archon x2  
Show
View Real Time Build Order
Export as new Build Order

Worming Zerg - Winner!

Build Orders: Hatch First 

Get SALT Encoding   

  12  0:01  Drone  
  13  0:07  Drone  
  14  0:20  Extractor  
  13  0:21  Drone  
  13  0:22  Drone, Extractor  
  16  0:35  Overlord  
  16  0:49  Hatchery  
  15  0:55  Drone x2  
  17  1:02  Drone  
  18  1:14  Spawning Pool  
  18  1:17  Drone  
  18  1:20  Drone  
  19  1:30  Drone  
  20  1:42  Overlord  
  20  1:59  Drone  
  21  2:01  Queen  
  21  2:02  Queen  
  21  2:03  Zergling x4  
  27  2:11  Drone  
  28  2:16  Extractor  
  28  2:17  Zergling x2  
  28  2:26  Overlord  
  28  2:34  Drone x3  
  31  2:47  Drone x2  
  33  2:56  Drone  
  33  2:57  Drone  
  34  3:05  Hatchery  
  32  3:21  Drone x2  
  32  3:22  Drone x6  
  39  3:32  Metabolic Boost  
  39  3:37  Extractor  
  39  3:38  Extractor, Roach Warren  
  39  3:40  Queen, Drone x4  
  42  3:47  Overlord  
  42  3:49  Overlord  
  42  3:51  Drone  
  43  3:57  Overlord  
  43  4:21  Lair  
  43  4:23  Drone x10  
  53  4:30  Drone  
  54  4:34  Evolution Chamber  
  54  4:38  Overlord x4  
  53  4:43  Overlord  
  53  5:02  Roach x10  
  53  5:04  Zerg Missile Weapons Level 1  
  73  5:20  Drone x4  
  77  5:24  Drone x3  
  77  5:26  Extractor  
  79  5:30  Glial Reconstitution  
  79  5:32  Overlord  
  79  5:33  Overlord  
  79  5:38  Drone x4  
  79  5:40  Spine Crawler x2  
  81  5:45  Drone  
  81  5:47  Spire  
  81  5:48  Roach x4  
  81  5:49  Zergling x2  
  90  5:51  Drone  
  90  5:52  Drone  
  92  5:57  Drone x4  
  96  6:06  Evolution Chamber  
  95  6:15  Extractor  
  95  6:16  Drone x3, Extractor  
  95  6:17  Drone x3  
  95  6:18  Overlord  
  99  6:25  Drone x2  
  101  6:28  Infestation Pit  
  101  6:32  Zerg Melee Weapons Level 1  
  99  6:48  Hatchery  
  98  6:55  Drone x2, Hatchery  
  98  6:56  Drone  
  98  6:58  Queen, Zerg Ground Armor Level 1  
  98  6:59  Queen  
  106  7:02  Zerg Flyer Weapons Level 1, Mutalisk x4  
  106  7:06  Hive  
  112  7:09  Overlord x2  
  112  7:10  Overseer  
  112  7:15  Zergling x10  
  117  7:34  Pneumatized Carapace  
  115  7:43  Drone x15  
  130  7:47  Overseer  
  130  8:01  Drone  
  130  8:02  Drone x5  
  111  8:42  Adrenal Glands  
  111  8:46  Ultralisk Cavern  
  111  8:47  Spore Crawler  
  107  8:48  Roach x4  
  107  8:49  Zergling x14, Roach x9  
  107  8:50  Zergling x2  
  107  8:55  Queen x3  
  139  8:56  Queen  
  139  8:59  Zergling x4  
  149  9:05  Extractor  
  149  9:07  Extractor  
  147  9:13  Zerg Melee Weapons Level 2, Zerg Ground Armor Level 2  
  147  9:16  Zergling x14  
  154  9:22  Hatchery  
  153  9:27  Hatchery  
  153  9:28  Drone x3  
  153  9:29  Zergling x2  
  153  9:30  Zergling x4  
  158  9:33  Overlord x2  
  158  9:34  Chitinous Plating  
  133  9:53  Zergling x6  
  133  9:54  Zergling x16  
  142  10:06  Ultralisk x5  
  172  10:10  Overlord x2  
  165  10:24  Zergling x2  
  165  10:25  Zergling x18  
  130  10:51  Zergling x2, Infestor  
  130  10:52  Ultralisk x2  
  130  10:53  Ultralisk x2  
  141  11:06  Queen  
  141  11:07  Queen  
  141  11:09  Zergling x2  
  141  11:10  Zergling x30  
  155  11:16  Drone x2, Hatchery  
  133  11:28  Ultralisk x2  
  133  11:29  Ultralisk  
  133  11:30  Zergling x2  
  133  11:31  Zergling x8  
  155  11:49  Queen  
  156  12:06  Zerg Ground Armor Level 3, Zerg Melee Weapons Level 3  
  155  12:24  Overseer  
  155  12:25  Overseer  
  155  12:29  Overseer  
  155  12:30  Overseer  
  155  12:32  Overseer x2  
  155  12:38  Drone x2  
  155  12:39  Drone  
  158  12:45  Zergling x6  
  158  12:46  Zergling x32  
  177  13:00  Extractor  
  177  13:04  Drone  
  177  13:05  Drone, Extractor  
  178  13:06  Overlord x4, Spine Crawler  
  178  13:07  Zergling x4  
  178  13:12  Hatchery  
  177  13:23  Overlord x3  
  177  13:31  Drone x4  
  177  13:32  Drone x2  
  177  13:33  Corruptor x6  
  177  13:34  Corruptor x3  
  177  14:07  Ultralisk x3  
  195  14:22  Spine Crawler x2  
  193  14:41  Extractor  
  190  14:45  Extractor  
  190  14:46  Zergling x20  
  190  14:47  Zergling x2  
Tags
 
Add a new tag
Caveats
  • Supply blocks, unpowered buildings, or Contaminate may cause inaccurate times.
  • Supply counts are checked every 10 seconds.